 Dungeon Crawl Stone Soup version 0.19.1 (webtiles) character file.

137 truemonolith the Magician (level 5, 11/28 HPs)
             Began as a Deep Elf Conjurer on Nov 28, 2016.
             Starved to death
             ... on level 3 of the Dungeon.
             The game lasted 00:09:31 (3476 turns).

truemonolith the Magician (Deep Elf Conjurer)       Turns: 3476, Time: 00:09:31

Health: 11/28      AC:  5    Str:  5    XL:     5   Next: 0%
Magic:  6/16       EV: 13    Int: 21    God:
Gold:   116        SH:  0    Dex: 15    Spells: 2 memorised, 14 levels left

rFire  . . .     SeeInvis .     n - +1 dagger (venom)
rCold  . . .     Gourm    .     a - +0 robe
rNeg   . . .     Faith    .     (no shield)
rPois  .         Spirit   .     m - +0 helmet
rElec  .         Reflect  .     (no cloak)
rCorr  .         Harm     .     g - +1 pair of gloves
MR     .....                    (no boots)
Stlth  ++........               (no amulet)
                                (no ring)
                                (no ring)

@: fainting, drained
A: no striking features
a: no special abilities


You were on level 3 of the Dungeon.
You were fainting.

You visited 1 branch of the dungeon, and saw 4 of its levels.

You collected 116 gold pieces.

Inventory:

Hand Weapons
 n - a +1 dagger of venom (weapon)
Armour
 a - a +0 robe (worn)
 g - a +1 pair of gloves (worn)
 m - a +0 helmet (worn)
Scrolls
 c - 2 scrolls of teleportation
 e - 3 scrolls of identify
 f - a scroll of immolation
 o - a scroll of remove curse
Potions
 d - 3 potions of might {unknown}
 h - a potion of beneficial mutation {unknown}
 i - a potion of resistance {unknown}
 j - a potion of curing {unknown}
 l - 2 potions of heal wounds {unknown}
Books
 b - a book of Conjurations

   Spells                             Type                      Level
   a - Magic Dart                     Conjuration                  1
   b - Searing Ray                    Conjuration                  2
   c - Dazzling Spray                 Conjuration/Hexes            3
   d - Fulminant Prism                Conjuration/Hexes            4
   e - Iskenderun's Mystic Blast      Conjuration                  4
   f - Iskenderun's Battlesphere      Conjuration/Charms           5
 k - a book of Misfortune

   Spells                             Type                      Level
   a - Confusing Touch                Hexes                        1
   b - Confuse                        Hexes                        3
   c - Gell's Gravitas                Hexes/Translocation          3
   d - Petrify                        Transmutation/Earth          4
   e - Metabolic Englaciation         Hexes/Ice                    5
   f - Yara's Violent Unravelling     Hexes/Transmutation          5


   Skills:
 - Level 2.4(2.1) Dodging
 - Level 2.4(2.1) Stealth
 - Level 7.0(6.7) Spellcasting
 + Level 4.4(4.1) Conjurations


You had 14 spell levels left.
You knew the following spells:

 Your Spells              Type           Power        Failure   Level  Hunger
a - Magic Dart            Conj           ###.         1%          1    None
b - Dazzling Spray        Conj/Hex       ###...       14%         3    #......


Dungeon Overview and Level Annotations

Branches:
Dungeon (4/15)
 Temple: D:4-7

Altars:
Elyvilon
Nemelex Xobeh

Annotations:
D:3 Sigmund
D:4 Dowan, Duvessa


Message History

The hungry ghost closely misses you.
You hit the hungry ghost.
The hungry ghost is almost destroyed.
The hungry ghost hits you.
You feel slightly more hungry.
You closely miss the hungry ghost.
The hungry ghost is almost destroyed.
The hungry ghost hits you.
You feel slightly more hungry.
You hit the hungry ghost but do no damage.
The hungry ghost is almost destroyed.
The hungry ghost hits you.
You feel slightly more hungry.
You barely miss the hungry ghost.
The hungry ghost is almost destroyed.
The hungry ghost hits you.
You feel slightly more hungry.
You miss the hungry ghost.
The hungry ghost is almost destroyed.
The hungry ghost closely misses you.
You barely miss the hungry ghost.
The hungry ghost is almost destroyed.
You have starved to death.
You die...

#......#..
#######.......#.
###..............#
#...###........#..
#.###_##........#.
#.##...##.........
#.#8.#.8#.........
#W##...##.........
#@###.###.........
#.#.#∩###......#..
#.∩....##..######.
###.#∩###..######.
###.##.......##.
##...##......##.
#8.#.8#......##.
##..†##########.
##_## ######


You could see a hungry ghost.

Vanquished Creatures
  4 adders
  An ooze (D:2)
  A worm (D:3)
  2 dart slugs
  5 leopard geckos
  2 orcs (D:3)
  5 giant cockroaches
  12 goblins
  8 hobgoblins
  2 jackals (D:1)
  7 kobolds
  8 bats
  9 frilled lizards
  A quokka skeleton (D:4)
  15 rats
82 creatures vanquished.

Notes
Turn   | Place    | Note
-------+----------+-------------------------------------------
     0 | D:1      | truemonolith the Deep Elf Conjurer began the quest for the Orb.
     0 | D:1      | Reached XP level 1. HP: 10/10 MP: 6/6
    93 | D:1      | Reached XP level 2. HP: 15/15 MP: 2/8
   101 | D:1      | Reached skill level 4 in Spellcasting
   787 | D:1      | Reached XP level 3. HP: 19/19 MP: 8/11
   875 | D:1      | Reached skill level 5 in Spellcasting
  1501 | D:2      | Learned a level 2 spell: Searing Ray
  2005 | D:2      | Reached XP level 4. HP: 24/24 MP: 10/13
  2154 | D:3      | Reached skill level 6 in Spellcasting
  2604 | D:3      | Noticed Sigmund
  2897 | D:3      | Found a sparkling altar of Nemelex Xobeh.
  2909 | D:3      | Found a white marble altar of Elyvilon.
  3161 | D:2      | Reached skill level 7 in Spellcasting
  3303 | D:3      | Learned a level 3 spell: Dazzling Spray
  3313 | D:4      | Noticed Duvessa
  3319 | D:4      | Noticed Dowan
  3413 | D:4      | Noticed a hungry ghost
  3434 | D:3      | Reached XP level 5. HP: 18/28 MP: 1/16
  3476 | D:3      | Starved to death

Skill      XL: |  1  2  3  4 |
---------------+-------------+-----
Spellcasting   | 4 5 7 |  7.0
Dodging        | |  2.4
Stealth        | |  2.4
Conjurations   | |  4.4

Action                   |  1- 3 |  4- 6 || total
-------------------------+-------+-------++-------
Melee: Unarmed           |     2 |       ||     2
       Dagger            |       |    19 ||    19
 Cast: Magic Dart        |    83 |    75 ||   158
       Searing Ray       |     2 |     3 ||     5
       Dazzling Spray    |       |     3 ||     3
  Use: Scroll            |       |     5 ||     5
  Eat: Bread ration      |     1 |       ||     1
       Meat ration       |       |     1 ||     1
Armor: Robe              |     5 |    11 ||    16
Dodge: Dodged            |    11 |    31 ||    42
